 Dungeon Crawl Stone Soup version 0.17-a0-131-ga9cda9c (webtiles) character file.

221 Tabbe the Sneak (level 5, -5/31 HPs)
             Began as an Octopode Wizard on Mar 24, 2015.
             Slain by trelanon's ghost (11 damage)
             ... on level 3 of the Dungeon.
             The game lasted 00:06:45 (3256 turns).

Tabbe the Sneak (Octopode Wizard)                   Turns: 3256, Time: 00:06:45

Health: -5/31      AC:  1    Str:  6    XL:     5   Next: 98%
Magic:  5/13       EV: 12    Int: 22    God:
Gold:   87         SH:  0    Dex: 10    Spells: 4 memorised, 5 levels left

rFire  x . .     SeeInvis .     f - +2 dagger (chaos)
rCold  + . .     Clarity  .     (no shield)
rNeg   . . .     SustAb   .     b - +0 hat
rPois  .         Gourm    .     t - amulet of stasis
rElec  .         Spirit   .     u - ring of ice
rCorr  .         Warding  .     (no ring)
rMut   .         Stasis   +     (no ring)
MR     .....                    (no ring)
Stlth  ++++......               (no ring)
                                (no ring)
                                (no ring)
                                (no ring)

@: very slightly contaminated, repel missiles, drained, not resistant to hostile
enchantments, stealthy
A: almost no armour, amphibious, 8 rings, constrict 8, camouflage 1, gelatinous
body 1
a: no special abilities


You were on level 3 of the Dungeon.
You were not hungry.

You visited 1 branch of the dungeon, and saw 3 of its levels.

You collected 87 gold pieces.

Inventory:

Hand weapons
 f - a +2 dagger of chaos (weapon)
 r - a +2 whip of flaming
Armour
 b - a +0 hat (worn)
Jewellery
 t - an amulet of stasis (around mantle)
 u - a ring of ice (left tentacle)
Magical devices
 s - a wand of polymorph (12)
Scrolls
 h - a scroll of fog {unknown}
 j - a scroll of random uselessness {unknown}
 l - a scroll of enchant weapon {unknown}
 o - a scroll of fear {unknown}
 p - a scroll of noise {unknown}
 q - 2 scrolls of identify {unknown}
Potions
 a - a potion of resistance {unknown}
 e - 2 potions of haste
 i - a potion of poison {unknown}
 k - a potion of flight {unknown}
 m - a potion of agility {unknown}
Books
 c - a book of Minor Magic

   Spells                             Type                      Level
   a - Magic Dart                     Conjuration                  1
   b - Blink                          Translocation                2
   c - Call Imp                       Summoning                    2
   d - Repel Missiles                 Charms/Air                   2
   e - Slow                           Hexes                        2
   f - Conjure Flame                  Conjuration/Fire             3
   g - Mephitic Cloud                 Conjuration/Poison/Air       3
Comestibles
 d - a bread ration
 g - 4 meat rations
 n - 3 fruits


   Skills:
 - Level 2.0(1.8) Dodging
 + Level 5.3(5.1) Stealth
 + Level 4.2(4.0) Spellcasting
 + Level 3.3(3.1) Conjurations
 - Level 1.0(0.8) Summonings
 - Level 1.0(0.8) Translocations


You had 5 spell levels left.
You knew the following spells:

 Your Spells              Type           Power        Failure   Level  Hunger
a - Magic Dart            Conj           ###.         3%          1    None
b - Blink                 Tloc           N/A          14%         2    #......
c - Call Imp              Summ           #.......     14%         2    #......
d - Repel Missiles        Chrm/Air       #.....       17%         2    #......


Dungeon Overview and Level Annotations

Branches:
Dungeon (3/15)

Altars:
Ashenzari
Ru
Xom

Annotations:
D:3 trelanon's ghost, average GrWr


Innate Abilities, Weirdness & Mutations

You cannot wear most types of armour.
You are amphibious.
You can wear up to eight rings at the same time.
You can use your tentacles to constrict many enemies at once.
Your skin changes colour to match your surroundings (Stealth).
Your rubbery body absorbs attacks (AC +1).


Message History

Your white imp barely misses trelanon's ghost.
Your iron imp completely misses trelanon's ghost.
Trelanon's ghost says, "They'll have to sweep you off the floor after I'm finished with you!"
Trelanon's ghost hits you.
Unknown command.
You hit trelanon's ghost. You burn trelanon's ghost.
Your squeeze misses trelanon's ghost.
Trelanon's ghost is severely damaged.
Your crimson imp barely misses trelanon's ghost.
Your white imp hits trelanon's ghost.
Your white imp freezes trelanon's ghost.
Trelanon's ghost hits you!
* * * LOW HITPOINT WARNING * * *
Your iron imp hits trelanon's ghost.
You closely miss trelanon's ghost.
Trelanon's ghost is almost destroyed.
Your crimson imp misses trelanon's ghost.
Your white imp hits trelanon's ghost but does no damage.
Trelanon's ghost hits you!
You die...

#..## #.# ....# ...
#...##.# #.# ........
##.## ......... ...
##..........###.#
#.#.............5#
.##..........###W#######
..#............5@5.....#
#.#..###.....###.###.#.#
............. #.# #.#.#
###..###.#...# #.# #.#.#
##...............# #.#.#
##...###.#..##.#.# #.#.#
........... .....# #.#)#
##...###.##.##.#.###.#.###
##...# #..............#


You could see trelanon's ghost, a friendly iron imp, a friendly crimson imp and
a friendly white imp.

Vanquished Creatures
  4 crimson imps (D:3)
  2 adders
  2 giant geckos
  An ooze (D:2)
  An orc (D:3)
  2 giant cockroaches
  6 hobgoblins
  3 jackals (D:2)
  3 bats
  5 giant newts
  5 goblins
  5 kobolds
  6 rats
45 creatures vanquished.

Vanquished Creatures (collateral kills)
  Terence (D:2)
  An adder (D:2)
  A worm (D:2)
  A hobgoblin (D:3)
4 creatures vanquished.

Vanquished Creatures (others)
  A shadow imp (D:3)
1 creature vanquished.

Grand Total: 50 creatures vanquished

Notes
Turn   | Place    | Note
--------------------------------------------------------------
     0 | D:1      | Tabbe, the Octopode Wizard, began the quest for the Orb.
     0 | D:1      | Reached XP level 1. HP: 11/11 MP: 4/4
   413 | D:1      | Reached XP level 2. HP: 9/17 MP: 1/6
  1251 | D:2      | Reached XP level 3. HP: 8/21 MP: 0/8
  1741 | D:2      | Noticed Terence
  1764 | D:1      | Learned a level 2 spell: Blink
  1767 | D:1      | Learned a level 2 spell: Call Imp
  1770 | D:1      | Learned a level 2 spell: Repel Missiles
  1874 | D:2      | Killed Terence
  1980 | D:2      | Reached skill level 4 in Stealth
  1980 | D:2      | Reached XP level 4. HP: 21/27 MP: 0/10
  2394 | D:3      | Found a shattered altar of Ashenzari.
  2460 | D:3      | Found a shimmering altar of Xom.
  2611 | D:3      | Reached XP level 5. HP: 4/31 MP: 0/12
  2701 | D:3      | Noticed trelanon's ghost (average GrWr)
  2770 | D:3      | Reached skill level 5 in Stealth
  2972 | D:3      | Found a sacrificial altar of Ru.
  3256 | D:3      | Slain by trelanon's ghost

Action                   |  1- 3 |  4- 6 || total
-------------------------+-------+-------++-------
Melee: Unarmed           |    34 |     5 ||    39
       Whip              |       |    31 ||    31
       Dagger            |       |    13 ||    13
 Cast: Magic Dart        |    80 |    57 ||   137
       Call Imp          |     4 |     4 ||     8
       Repel Missiles    |     1 |       ||     1
  Use: Scroll            |       |     1 ||     1
       Potion            |       |     2 ||     2
 Stab: Sleeping          |       |     1 ||     1
  Eat: Chunk             |     3 |     3 ||     6
       Pizza             |       |     1 ||     1
